 Dungeon Crawl Stone Soup version 0.21.1-1-g345015f (webtiles) character file.

4344 Monsterracer the Fighter (level 10, -5/82 HPs)
             Began as a Demonspawn Assassin on June 12, 2018.
             Was a Believer of Qazlal.
             Slain by an orc warrior
             ... wielding a +0 mace
              (10 damage)
             ... on level 9 of the Dungeon.
             The game lasted 00:15:41 (11457 turns).

Monsterracer the Fighter (Demonspawn Assassin)     Turns: 11457, Time: 00:15:41

Health: -5/82      AC: 12    Str: 19    XL:     10   Next: 12%
Magic:  13/13      EV: 12    Int: 12    God:    Qazlal [**....]
Gold:   442        SH:  3    Dex: 16    Spells: 9/9 levels left

rFire    + . .     SeeInvis .   a - +0 war axe
rCold    + . .     Gourm    .   (no shield)
rNeg     . . .     Faith    .   G - +1 scale mail {rC+}
rPois    .         Spirit   .   (helmet unavailable)
rElec    .         Reflect  .   d - +2 cloak
rCorr    .         Harm     .   t - +1 pair of gloves
MR       +....                  (no boots)
Stlth    ++........             (no amulet)
HPRegen  0.23/turn              n - ring of protection from magic {!d}
MPRegen  0.13/turn              k - ring of flight

@: mighty, lethally poisoned (-5 -> -8)
A: horns 3, fire resistance 1, nightstalker 1
a: Upheaval, Renounce Religion, Evoke Flight


You were on level 9 of the Dungeon.
You worshipped Qazlal.
Qazlal was pleased with you.
You were not hungry.

You visited 1 branch of the dungeon, and saw 9 of its levels.

You collected 442 gold pieces.

Inventory:

Hand Weapons
 a - a +0 war axe (weapon)
 b - a +0 blowgun
 w - a +0 flail of protection
Missiles
 e - 37 poisoned needles
 f - a curare-tipped needle
 B - a throwing net (quivered)
Armour
 d - a +2 cloak (worn)
 q - a +0 plate armour
 t - a +1 pair of gloves (worn)
 G - a +1 scale mail of cold resistance (worn)
Jewellery
 k - a ring of flight (right hand)
 n - a ring of protection from magic (left hand) {!d}
 E - an uncursed ring of ice
Wands
 r - a wand of enslavement (7)
 C - a wand of flame (20)
 D - a wand of polymorph (32)
Scrolls
 u - a scroll of amnesia
 y - a scroll of remove curse
 z - a scroll of teleportation
Potions
 g - 3 potions of heal wounds
 h - 2 potions of agility
 j - a potion of resistance
 l - a potion of invisibility {unknown}
 m - 2 potions of ambrosia {!q}
 o - 7 potions of curing
 p - 2 potions of haste
 s - 3 potions of lignification
 v - a potion of berserk rage {!q}
 x - 2 potions of magic
 F - 2 potions of flight {unknown}
Comestibles
 c - 19 rations


   Skills:
 + Level 8.5 Fighting
   Level 2.3 Short Blades
 * Level 8.1 Axes
 + Level 4.6 Throwing
 + Level 1.3 Armour
 + Level 5.0 Dodging
 - Level 3.6 Stealth
 + Level 4.1 Invocations


You had 9 spell levels left.
You didn't know any spells.

Dungeon Overview and Level Annotations

Branches:
Dungeon (9/15)             Temple (0/1) D:5            Lair (0/6) D:8
    Orc: D:9-12

Altars:
Ashenzari
Dithmenos
Kikubaaqudgha
Makhleb
Qazlal
Sif Muna
Trog
Uskayaw
Vehumet
Xom
Yredelemnul
The Shining One

Annotations:
D:3 Kagorn's ghost, novice NaGl
D:6 tyranidshit's ghost, novice DsAK


Innate Abilities, Weirdness & Mutations

You have a pair of large horns on your head.
Your flesh is heat resistant. (rF+)
You are slightly more attuned to the shadows.


Message History

The orc warrior is moderately wounded.
You hit the orc wizard but do no damage.
You hit the orc.
You feel sick. The orc barely misses you. The orc wizard closely misses you.
The orc warrior closely misses you.
There are monsters nearby!
You hit the orc warrior. You headbutt the orc warrior.
The orc warrior is moderately wounded.
You barely miss the orc. You slash the orc wizard!
You feel sick. The orc closely misses you.
The orc wizard gestures wildly while chanting.
The orc wizard flickers and vanishes!
Deactivating autopickup; reactivate with Ctrl-A.
The orc warrior closely misses you.
You take 1 damage, and have 76/82 hp.
You hit the orc warrior. Your headbutt misses the orc warrior.
The orc warrior is heavily wounded.
You hit something. Qazlal accepts your kill.
Reactivating autopickup.
You feel a bit more experienced.
You hit the orc.
You kill the orc!
Qazlal accepts your kill.
You hit the orc warrior but do no damage.
The orc warrior is heavily wounded.
You hit the orc warrior but do no damage.
You closely miss the orc.
You feel sick.
The orc warrior is engulfed in blazing flames.
The orc warrior hits you with a battleaxe of venom.
You are more poisoned.
The orc closely misses you.
The orc warrior hits you but does no damage.
You take 6 damage, and have 70/82 hp.
You closely miss the orc warrior.
You headbutt the orc warrior, but do no damage.
The orc warrior is almost dead.
You completely miss the orc. You hit the orc but do no damage.
You hit the orc warrior but do no damage.
You feel sick.
The orc warrior is engulfed in blazing flames.
You kill the orc warrior!
Qazlal accepts your kill.
Your Dodging skill increases to level 5!
The orc is engulfed in freezing vapours.
You kill the orc!
Qazlal accepts your kill. The orc barely misses you.
The orc warrior barely misses you.
You barely miss the orc. You hit the orc warrior.
You feel sick. The orc hits you but does no damage.
You take 2 damage, and have 68/82 hp.
You hit the orc.
You kill the orc!
Qazlal accepts your kill.
You barely miss the orc warrior. You hit the orc.
You feel sick. The orc warrior barely misses you.
The orc hits you but does no damage.
You take 1 damage, and have 67/82 hp.
You hit the orc warrior. You headbutt the orc warrior.
The orc warrior is moderately wounded.
You closely miss the orc.
You feel sick. You block the orc warrior's attack.
The orc hits you with a short sword.
You take 3 damage, and have 64/82 hp.
You hit the orc warrior but do no damage.
The orc warrior is moderately wounded.
You hit the orc but do no damage.
You feel sick. The orc warrior hits you with a mace! The orc barely misses you.
You take 13 damage, and have 51/82 hp.
You closely miss the orc warrior.
You headbutt the orc warrior, but do no damage.
The orc warrior is moderately wounded.
You hit the orc but do no damage.
You feel sick. The orc hits you but does no damage.
The orc warrior hits you with a mace!
* * * LOW HITPOINT WARNING * * *
You take 13 damage, and have 38/82 hp.
You closely miss the orc warrior. You headbutt the orc warrior!
The orc warrior is severely wounded.
You closely miss the orc.
You feel sick. The orc hits you but does no damage.
The orc warrior hits you with a mace.
* * * LOW HITPOINT WARNING * * *
The orc closely misses you.
You take 5 damage, and have 33/82 hp.
You hit the orc warrior.
The orc warrior is almost dead.
You closely miss the orc.
You feel sick. The orc warrior hits you with a mace!
* * * LOW HITPOINT WARNING * * *
You block the orc's attack.
You take 10 damage, and have 23/82 hp.
Your scale mail prevents you from hitting the orc warrior.
The orc warrior is almost dead.
You closely miss the orc. The orc warrior hits you with a mace!
* * * LOW HITPOINT WARNING * * *
You block the orc's attack.
You take 13 damage, and have 10/82 hp.
You feel sick.
Things that are here:
a whip; a leather armour; an orc corpse You take 1 damage, and have 9/82 hp.
You feel very mighty all of a sudden.
You feel sick. The orc hits you with a short sword.
* * * LOW HITPOINT WARNING * * *
The orc warrior hits you with a mace!
You die...

....# #........#
#.##........#
....# #........#
#.##...####.#
##..# #........#
#.##...# #.# #..#
#.....####
######## ### ..#
#.....##8###8###8#
.#
#.....#..)#...#...
#.......()........
#.......)†.o......
#.........@§).....
#.....#...#o).#..
#.....##8###(##
#.....#### ##
#.....


You could see an orc warrior and an orc.

Vanquished Creatures
  A komodo dragon (D:8)
  A hippogriff (D:7)
  Sigmund (D:2)
  4 orc warriors
  A phantom (D:8)
  A sky beast (D:6)
  2 ice beasts
  An ogre (D:5)
  6 centaurs
  4 bullfrogs
  A wyvern zombie (D:7)
  3 scorpions
  5 wights (D:7)
  3 howler monkeys (D:7)
  A bullfrog zombie (D:7)
  8 crimson imps
  2 centaur zombies
  5 hounds
  3 jellies (D:8)
  3 orc priests
  Crazy Yiuf (D:4)
  A centaur skeleton (D:9)
  11 orc wizards
  4 bullfrog skeletons
  4 iguanas
  4 worker ants
  A hound skeleton (D:4)
  A worker ant zombie (D:5)
  3 gnolls (D:8)
  7 adders
  4 shadow imps
  6 oozes
  2 adder zombies (D:7)
  An adder skeleton (D:7)
  5 worms
  2 dart slugs
  3 leopard geckos
  28 orcs
  5 giant cockroaches
  2 goblins (D:1)
  5 hobgoblins
  6 jackals
  2 quokkas (D:5)
  A ball python (D:3)
  7 bats
  3 frilled lizards
  4 kobolds
  A quokka skeleton (D:7)
  7 rats
187 creatures vanquished.

Vanquished Creatures (others)
  25 plants (D:8)
25 creatures vanquished.

Grand Total: 212 creatures vanquished

Notes
Turn   | Place    | Note
-------+----------+-------------------------------------------
     0 | D:1      | Monsterracer the Demonspawn Assassin began the quest for the Orb.
     0 | D:1      | Reached XP level 1. HP: 16/16 MP: 1/1
    52 | D:1      | Gained mutation: You have a pair of small horns on your head. [demonic ancestry]
    52 | D:1      | Reached XP level 2. HP: 23/23 MP: 2/2
   916 | D:2      | Found a bloodstained altar of Trog.
   925 | D:2      | Reached XP level 3. HP: 25/30 MP: 3/3
  1212 | D:2      | Reached XP level 4. HP: 38/38 MP: 4/4
  1341 | D:2      | Noticed Sigmund
  1391 | D:2      | HP: 19/38 [Sigmund/scythe of protection (8)]
  1392 | D:2      | Killed Sigmund
  1392 | D:2      | Reached XP level 5. HP: 23/46 MP: 5/5
  1802 | D:3      | Noticed Kagorn's ghost (novice NaGl)
  1871 | D:2      | HP: 21/46 [orc priest/flail (8)]
  1875 | D:2      | HP: 9/46 [orc priest/divine providence (12)]
  1882 | D:2      | Reached skill level 1 in Dodging
  1882 | D:2      | HP: 7/46 [orc/dagger (3)]
  1899 | D:2      | HP: 8/46 [orc/dagger (1)]
  1900 | D:2      | Gained mutation: You have a pair of horns on your head. [demonic ancestry]
  1900 | D:2      | Reached XP level 6. HP: 9/52 MP: 6/6
  2552 | D:4      | HP: 21/53 [scorpion (7)]
  2557 | D:4      | HP: 16/53 [poisoned by a scorpion]
  2562 | D:4      | HP: 15/53 [poisoned by a scorpion]
  2568 | D:4      | HP: 14/53 [poisoned by a scorpion]
  2576 | D:4      | HP: 13/53 [poisoned by a scorpion]
  2933 | D:4      | HP: 24/53 [bullfrog skeleton (5)]
  3124 | D:4      | Gained mutation: You are slightly more attuned to the shadows. [demonic ancestry]
  3124 | D:4      | Reached XP level 7. HP: 55/60 MP: 7/7
  3242 | D:4      | Found a stormy altar of Qazlal.
  3261 | D:4      | Became a worshipper of Qazlal Stormbringer
  3287 | D:4      | Found a runed door.
  3738 | D:3      | Reached skill level 1 in Axes
  3757 | D:3      | HP: 27/60 [orc priest/divine providence (15)]
  4594 | D:4      | Noticed Crazy Yiuf
  4602 | D:4      | Killed Crazy Yiuf
  4654 | D:5      | Entered Level 5 of the Dungeon
  5372 | D:5      | Found a staircase to the Ecumenical Temple.
  5526 | D:5      | Reached XP level 8. HP: 51/67 MP: 8/8
  5663 | D:5      | HP: 30/67 [ice beast (8)]
  5669 | D:5      | HP: 30/67 [ice beast (2)]
  5671 | D:5      | Reached skill level 5 in Axes
  7258 | D:6      | Noticed tyranidshit's ghost (novice DsAK)
  7305 | D:6      | HP: 24/67 [tyranidshit's ghost (17)]
  7306 | D:6      | HP: 5/67 [tyranidshit's ghost (19)]
  7639 | D:6      | Reached * piety under Qazlal
  8242 | D:6      | Gained mutation: Your flesh is heat resistant. (rF+) [demonic ancestry]
  8242 | D:6      | Reached XP level 9. HP: 73/73 MP: 9/9
  8271 | D:6      | Found a deep blue altar of Sif Muna.
  8282 | D:6      | Found an ancient bone altar of Kikubaaqudgha.
  8293 | D:6      | Found a radiant altar of Vehumet.
  8428 | D:7      | Found a shimmering altar of Xom.
  8432 | D:7      | Found a shimmering altar of Xom.
  8432 | D:7      | Found a shimmering altar of Xom.
  8432 | D:7      | Found a shimmering altar of Xom.
  8536 | D:7      | Reached skill level 1 in Invocations
  8794 | D:7      | Found a shimmering altar of Xom.
  8795 | D:7      | Found a shimmering altar of Xom.
  9007 | D:7      | Reached ** piety under Qazlal
  9014 | D:7      | HP: 37/74 [wight/enchanted dagger (7)]
  9981 | D:8      | HP: 30/74 [orc warrior/short sword (12)]
  9983 | D:8      | HP: 11/74 [orc warrior/short sword (12)]
 10004 | D:8      | HP: 11/74 [phantom (4)]
 10024 | D:8      | HP: 8/74 [phantom (3)]
 10081 | D:8      | HP: 16/74 [phantom (1)]
 10093 | D:8      | HP: 12/74 [phantom (2)]
 10520 | D:8      | Noticed a komodo dragon
 10523 | D:8      | Found a staircase to the Lair.
 10531 | D:8      | Killed a komodo dragon
 10632 | D:8      | HP: 33/75 [acid (8)]
 10947 | D:9      | Found a glowing golden altar of the Shining One.
 11015 | D:9      | Found a shattered altar of Ashenzari.
 11016 | D:9      | Identified a scroll of acquirement
 11019 | D:9      | Found a burning altar of Makhleb.
 11020 | D:9      | Found a hide-covered altar of Uskayaw.
 11020 | D:9      | Found a shadowy altar of Dithmenos.
 11221 | D:9      | Reached skill level 1 in Armour
 11221 | D:9      | Gained mutation: You have a pair of large horns on your head. [demonic ancestry]
 11221 | D:9      | Reached XP level 10. HP: 82/82 MP: 12/12
 11296 | D:9      | Found a basalt altar of Yredelemnul.
 11447 | D:9      | Reached skill level 5 in Dodging
 11452 | D:9      | HP: 38/82 [orc warrior/mace (12)]
 11455 | D:9      | HP: 10/82 [orc warrior/mace (14)]
 11457 | D:9      | Slain by an orc warrior

Skill      XL: |  1  2  3  4  5  6  7  8  9 10 |
---------------+-------------------------------+-----
Fighting       | 3 4 6 7 8 |  8.5
Dodging        | 1 2 3 4 5 |  5.0
Short Blades   | 2 |  2.3
Axes           | 4 6 8 |  8.1
Throwing       | 3 4 |  4.6
Invocations    | 3 4 |  4.1
Armour         | 1 |  1.3
Stealth        | |  3.6

Action                   |  1- 3 |  4- 6 |  7- 9 | 10-12 || total
-------------------------+-------+-------+-------+-------++-------
Melee: Dagger            |    90 |   144 |    52 |       ||   286
       Headbutt          |    10 |    27 |   112 |    11 ||   160
       Hand axe          |       |       |   232 |       ||   232
       War axe           |       |       |   272 |    48 ||   320
 Fire: Blowgun           |       |     4 |    13 |       ||    17
Invok: Upheaval          |       |       |     1 |       ||     1
 Abil: Evoke Flight      |       |       |     1 |       ||     1
Evoke: Wand              |       |       |     4 |       ||     4
  Use: Potion            |       |     1 |       |     1 ||     2
       Scroll            |       |     8 |    14 |       ||    22
 Stab: Sleeping          |     7 |     2 |    16 |       ||    25
  Eat: Chunk             |     1 |     6 |    22 |     2 ||    31
       Ration            |       |       |     1 |       ||     1
Armor: Robe              |    13 |    33 |   131 |       ||   177
       Ring mail         |    13 |     4 |       |       ||    17
       Leather armour    |       |       |    10 |    10 ||    20
       Scale mail        |       |       |       |    21 ||    21
Dodge: Dodged            |    45 |    91 |   370 |    40 ||   546
Block: Other             |       |       |    15 |    11 ||    26

Vault maps used:
D:1:      scummos_arrival_hexagon
D:2:      lemuel_doored_altar, uniq_sigmund
D:3:      first_ration, cheibrodos_gnoll_hut
D:4:      grunt_qazlal_clouds, hangedman_glass_teeth, uniq_crazy_yiuf_cottage
D:5:      minmay_diamond_boxcup, minmay_temple_entry_hall
D:6:      palyth_temple_overflow_mages
D:7:      xom_redecorated
D:8:      david_lair_shrubbed, hangedman_little_slice_of_home
D:9:      nicolae_overflow_hidden_temple, grunt_temple_overflow_open,
          david_orc_4, nrook_uturn, nrook_guardian_serpent_double
